 Dungeon Crawl Stone Soup version 0.26.1-11-gd32895ea62 (webtiles) character file.

Game seed: 4559211986440776657

289 GenialerGandalf the Chopper (level 6, -1/53 HPs)
             Began as a Hill Orc Fighter on Apr 21, 2021.
             Slain by a gnoll
             ... wielding a +0 spear
              (3 damage)
             ... on level 3 of the Dungeon.
             The game lasted 00:12:38 (3459 turns).

GenialerGandalf the Chopper (Hill Orc Fighter)      Turns: 3459, Time: 00:12:38

Health: -1/53      AC:  9    Str: 21    XL:     6   Next: 31%
Magic:  6/6        EV:  8    Int:  8    God:
Gold:   84         SH:  9    Dex: 10    Spells: 5/5 levels left

rFire    . . .     SeeInvis .   a - +0 war axe
rCold    . . .     Faith    .   c - +0 kite shield
rNeg     . . .     Spirit   .   b - +0 scale mail
rPois    .         Reflect  .   (no helmet)
rElec    .         Harm     .   (no cloak)
rCorr    .         Rampage  .   l - +0 pair of gloves (curse)
Will     .....                  j - +0 pair of boots
Stlth    +.........             (no amulet)
HPRegen  0.17/turn              h - ring of stealth
MPRegen  0.10/turn              (no ring)

@: flying
A: no striking features
a: no special abilities


You were on level 3 of the Dungeon.
You visited 1 branch of the dungeon, and saw 3 of its levels.

You collected 84 gold pieces.

Inventory:

Hand Weapons
 a - a +0 war axe (weapon)
Armour
 b - a +0 scale mail (worn)
 c - a +0 kite shield (worn)
 j - a +0 pair of boots (worn)
 l - a cursed +0 pair of gloves (worn)
Jewellery
 h - a ring of stealth (left hand)
 n - an uncursed ring of poison resistance
Scrolls
 e - a scroll of remove curse
 i - 2 scrolls of teleportation
 k - a scroll of enchant armour {unknown}
 m - a scroll of immolation {unknown}
 p - a scroll of identify
Potions
 d - a potion of might
 g - 2 potions of lignification {unknown}
 o - a potion of mutation {unknown}
 q - a potion of berserk rage {unknown}


   Skills:
 + Level 4.6 Fighting
 + Level 5.5 Axes
 + Level 4.2 Armour
 + Level 0.9 Dodging
 + Level 4.7 Shields


You had 5 spell levels left.
You didn't know any spells.
Your spell library was empty.

Dungeon Overview and Level Annotations

Branches:
Dungeon (3/15)

Altars:


Message History

The gnoll hits you from afar with a +0 spear.
* * * LOW HITPOINT WARNING * * *
The gnoll hits you with a +0 spear.
* * * LOW HITPOINT WARNING * * *
You block the big kobold's attack. The gnoll hits you but does no damage.
It was a potion of flight.
You feel very buoyant.
You fly up into the air.
You block the gnoll's attack. You block the big kobold's attack.
The gnoll barely misses you. The gnoll barely misses you.
The big kobold barely misses you. The gnoll hits you but does no damage.
Things that are here:
a +0 club; 8 gold pieces; a hobgoblin corpse The gnoll hits you from afar with a +0 spear.
* * * LOW HITPOINT WARNING * * *
The big kobold throws a stone.
The stone hits you but does no damage.
You see here a stone.
The gnoll closely misses you.
The gnoll hits you from afar with a +0 spear.
You die...

.............).....).†.....(...((
..≈...≈.≈..≈.≈≈≈...≈)≈)).≈.≈....≈
≈≈≈≈≈≈≈≈≈≈≈≈≈≈≈≈≈≈≈≈≈≈≈≈≈≈≈≈.....
≈≈≈≈≈≈≈≈≈≈≈≈≈≈≈≈≈≈≈≈≈≈≈≈≈≈≈.....≈
###≈≈≈≈≈≈≈≈≈≈≈≈≈≈≈≈≈≈≈≈≈≈≈≈≈..(..
###########################'(##
#......## ##.....# #...(#
#.......###......+ #..(.#
'##........#....@..#########..).#
....)).....#.gK..........)#)...).
....()((.(.'))g...........[(...[.
.....g.....#).)..........)#).....
'##........#.......#########....#
#...)...###....))).......#....#
#....(.## ##.....#.......#....#
######## ####################


You could see a big kobold and 2 gnolls.

Vanquished Creatures
  A bullfrog skeleton (D:2)
  2 orc wizards (D:3)
  7 gnolls
  An adder (D:2)
  An ooze (D:1)
  A dart slug (D:1)
  A leopard gecko (D:1)
  7 orcs (D:3)
  2 ball pythons
  2 giant cockroaches (D:1)
  27 goblins
  31 hobgoblins
  A quokka (D:2)
  7 bats
  2 frilled lizards (D:1)
  7 kobolds
  5 rats
105 creatures vanquished.

Notes
Turn   | Place    | Note
-------+----------+-------------------------------------------
     0 | D:1      | GenialerGandalf the Hill Orc Fighter began the quest for
                  | the Orb.
     0 | D:1      | Reached XP level 1. HP: 19/19 MP: 1/1
   267 | D:1      | Reached XP level 2. HP: 26/27 MP: 2/2
   328 | D:1      | Reached skill level 3 in Axes
   539 | D:1      | Reached XP level 3. HP: 33/33 MP: 3/3
  1429 | D:2      | Reached skill level 4 in Axes
  1429 | D:2      | Reached XP level 4. HP: 26/40 MP: 4/4
  2619 | D:3      | Reached XP level 5. HP: 22/46 MP: 5/5
  2871 | D:2      | Reached skill level 5 in Axes
  3287 | D:3      | Reached XP level 6. HP: 46/53 MP: 6/6
  3456 | D:3      | HP: 2/53 [gnoll/+0 spear (2)]
  3459 | D:3      | Slain by a gnoll

Illustrated notes

Levels and vault maps discovered:
D:1:      giann_wishing_wells, layout_loops_ring, minmay_tromino_i2
D:2:      layout_basic, minmay_misc_feat_iff
D:3:      minmay_goblin_kobold_castle, layout_loops_ring, minitemple,
          overflow_temple_1_default, chequers_ecumenical_altar_island

Skill      XL: |  1  2  3  4  5 |
---------------+----------------+-----
Axes           | 3 4 5 |  5.5
Fighting       | 4 |  4.6
Armour         | 4 |  4.2
Shields        | 4 |  4.7
Dodging        | |  0.9

Action                   |  1- 3 |  4- 6 || total
-------------------------+-------+-------++-------
Melee: War axe           |    89 |   132 ||   221
  Use: Scroll            |     4 |     1 ||     5
       Potion            |       |     1 ||     1
Armor: Scale mail        |    64 |   120 ||   184
Dodge: Dodged            |    38 |    91 ||   129
Block: Kite shield       |    77 |   154 ||   231
